 Dungeon Crawl Stone Soup version 0.30.0-15-g856e2d3f33 (webtiles) character file.

Game seed: 12216664698627962913

945 qw the Chopper (level 8, -2/48 HPs)
             Began as a Gargoyle Cinder Acolyte on May 18, 2023.
             Was a High Priest of Ignis.
             Slain by a wyvern (6 damage)
             ... on level 6 of the Dungeon.
             The game lasted 00:02:18 (5079 turns).

qw the Chopper (Gargoyle Cinder Acolyte)            Turns: 5079, Time: 00:02:18

Health: -2/48      AC: 27    Str: 20    XL:     8   Next: 13%
Magic:  9/9        EV:  7    Int: 15    God:    Ignis [*****.]
Gold:   268        SH:  3    Dex:  5    Spells: 9/9 levels left

rFire   + . .        c - +0 war axe (heavy)
rCold   . . .        h - +0 buckler
rNeg    + . .        f - +0 chain mail
rPois   inf          g - +0 helmet
rElec   +            (no cloak)
rCorr   +            (no gloves)
SInv    .            (no boots)
Will    .....        p - amulet of the acrobat Stlth
                     o - ring of resist corrosion
HPRegen 0.28/turn    l - +4 ring of protection
MPRegen 0.11/turn

%: acrobat
@: fiery-armoured
A: sickness immunity, AC +5, negative energy resistance 1, electricity
resistance, torment resistance 1, petrification resistance
a: Renounce Religion, Fiery Armour, Foxfire Swarm, Rising Flame


You were on level 6 of the Dungeon.
You worshipped Ignis.
Ignis was extremely pleased with you.
You visited 1 branch of the dungeon, and saw 6 of its levels.

You collected 268 gold pieces.


Innate Abilities, Weirdness & Mutations

You are immune to sickness and miasma.
Your stone body is resilient. (AC +5)
You are immune to poison.
You resist negative energy. (rN+)
You are resistant to electric shocks. (rElec)
You are resistant to unholy torment.
You are immune to petrification.


   Skills:
 + Level 4.1 Fighting
 - Level 7.1 Axes
 - Level 3.9 Armour
 - Level 3.2 Shields
 - Level 1.0 Spellcasting
 - Level 3.0 Fire Magic


You had 9 spell levels left.
You didn't know any spells.
Your spell library contained the following spells:

 Spells                   Type           Power      Damage    Failure   Level
 Scorch                   Fire           18%        2d5       69%         2

Inventory:

Hand Weapons
 c - a +0 heavy war axe (weapon)
 Y - a +0 hand axe of flaming
Missiles
 i - 7 boomerangs (quivered)
Armour
 f - a +0 chain mail (worn)
 g - a +0 helmet (worn)
 h - a +0 buckler (worn)
Jewellery
 l - a +4 ring of protection (right hand)
 n - a ring of positive energy
 o - a ring of resist corrosion (left hand)
 p - an amulet of the acrobat (around neck)
Scrolls
 k - a scroll of identify
Potions
 a - a potion of curing
 b - 2 potions of might
 e - a potion of degeneration {unknown}
 m - a potion of haste {unknown}

Dungeon Overview and Level Annotations

Branches:
Dungeon (6/15)
 Temple: D:4-7

Altars:
Elyvilon
Fedhas
Kikubaaqudgha
Okawaru
Sif Muna
Uskayaw
Wu Jian
Zin

Annotations:
D:6 Prince Ribbit


Message History

The wyvern is heavily wounded.
You closely miss Prince Ribbit. You block the wyvern's attack.
Prince Ribbit hits you but does no damage.
The wyvern bites you but does no damage.
Prince Ribbit catches a small bird with his tongue.
Prince Ribbit barely misses you. You block the wyvern's attack.
Prince Ribbit hits you.
5077 ||| INVOKING Fiery Armour.
A protective cloak of flame settles atop you.
The wyvern bites you but does no damage.
The wyvern is burned by your cloak of flames.
The wyvern is severely wounded.
You block Prince Ribbit's attack.
The wyvern bites you but does no damage.
The wyvern is burned by your cloak of flames.
The wyvern is severely wounded.
You hit the wyvern but do no damage.
The wyvern is severely wounded.
You miss Prince Ribbit. You block Prince Ribbit's attack.
The wyvern bites you but does no damage.
The wyvern is burned by your cloak of flames.
The wyvern is severely wounded.
Prince Ribbit hits you.
Prince Ribbit is burned by your cloak of flames.
Prince Ribbit is moderately wounded.
The wyvern bites you!
You barely miss the wyvern.
The wyvern is severely wounded.
You closely miss Prince Ribbit. Prince Ribbit hits you.
Prince Ribbit is burned by your cloak of flames.
Prince Ribbit is moderately wounded.
The wyvern closely misses you.
Prince Ribbit hits you but does no damage.
Prince Ribbit is burned by your cloak of flames.
Prince Ribbit is heavily wounded.
The wyvern bites you.
You die...

## # .# . .. ## #..
# .# # .###. .###. .
##.#. .#.###.#.
#...# #...#...#
#...#####...#...####
#..@#...#...#...#...
##F#l..[.#.###.#....
..###...###...###...
....
#.###.#.....#.###
#.#.. #..
#...#...#...#. # ###
#l. #...#####...#.
#.. #...# #...#. .#F
##.#. .#.### .###
.###. .###. .


You could see Prince Ribbit and a wyvern.

Vanquished Creatures
  Sigmund (D:4)
  Edmund (D:4)
  A black bear (D:4)
  Blork the orc (D:6)
  3 scorpions (D:5)
  2 hounds
  A jelly (D:5)
  2 orc priests
  Jessica (D:3)
  Ijyb (D:4)
  An orc wizard (D:5)
  6 adders
  A worm (D:2)
  2 dart slugs
  10 orcs
  2 bats (D:1)
  6 endoplasms
  4 goblins
  9 hobgoblins
  5 quokkas
  7 ball pythons
  2 frilled lizards (D:1)
  6 kobolds
  5 rats
80 creatures vanquished.

Notes
Turn   | Place    | Note
-------+----------+-------------------------------------------
     0 | D:1      | qw the Gargoyle Cinder Acolyte began the quest for the Orb.
     0 | D:1      | Reached XP level 1. HP: 14/14 MP: 2/2
     0 | D:1      | 0 ||| qw: Version: 0.2-a-95-gc95f03d
     0 | D:1      | 0 ||| qw: Game counter: 28
     0 | D:1      | 0 ||| qw: Always use a shield: true
     0 | D:1      | 0 ||| qw: God list: Okawaru
     0 | D:1      | 0 ||| qw: Allow faded altars: false
     0 | D:1      | 0 ||| qw: Do Orc after D:15 true
     0 | D:1      | 0 ||| qw: Do second Lair branch before Depths: true
     0 | D:1      | 0 ||| qw: Lair rune preference: random
     0 | D:1      | 0 ||| qw: Plans: Normal
     0 | D:1      | 0 ||| PLANNING D:1-11
    67 | D:1      | Found a faded altar of an unknown god.
   106 | D:1      | Reached skill level 3 in Axes
   200 | D:1      | Reached XP level 2. HP: 18/19 MP: 3/3
   618 | D:1      | Reached XP level 3. HP: 23/23 MP: 4/4
   939 | D:1      | 939 ||| UPGRADING to +0 leather armour.
   949 | D:1      | 949 ||| DROPPING +0 robe.
   950 | D:1      | 950 ||| UPGRADING to +0 buckler.
   955 | D:1      | 955 ||| UPGRADING to ring of positive energy.
   956 | D:1      | 956 ||| READING scroll labelled SEGUTAPH PAIPI.
  1217 | D:2      | Found a blossoming altar of Fedhas.
  1428 | D:2      | Reached skill level 1 in Shields
  1751 | D:2      | 1751 ||| UPGRADING to +0 helmet.
  1756 | D:2      | 1756 ||| READING 2 scrolls labelled KUMNUE UHARE.
  1760 | D:2      | 1760 ||| READING scroll labelled QODO GERETO.
  1761 | D:2      | 1761 ||| READING scroll labelled VOMAAV OWOS.
  1862 | D:2      | 1862 ||| DRINKING 2 metallic emerald potions.
  1863 | D:2      | 1863 ||| DROPPING potion of brilliance.
  1882 | D:3      | Reached skill level 4 in Axes
  1905 | D:3      | 1905 ||| Stepping ~*~*~tactically~*~*~ (stealth).
  1939 | D:3      | Reached XP level 4. HP: 28/28 MP: 5/5
  2035 | D:3      | Noticed Jessica
  2036 | D:3      | 2036 ||| Stepping ~*~*~tactically~*~*~ (hiding).
  2054 | D:3      | Killed Jessica
  2209 | D:3      | Found a glowing silver altar of Zin.
  2214 | D:3      | Found a hide-covered altar of Uskayaw.
  2215 | D:3      | Found a shimmering blue altar of Sif Muna.
  2703 | D:3      | 2703 ||| Stepping ~*~*~tactically~*~*~ (hiding).
  2712 | D:3      | 2712 ||| INVOKING Fiery Armour.
  2716 | D:3      | HP: 3/28 [orc priest/divine providence (12)]
  2717 | D:3      | 2717 ||| READING scroll of teleportation.
  2848 | D:3      | 2848 ||| Stepping ~*~*~tactically~*~*~ (stealth).
  2864 | D:3      | 2864 ||| Stepping ~*~*~tactically~*~*~ (hiding).
  2881 | D:3      | Reached XP level 5. HP: 20/32 MP: 6/6
  2965 | D:3      | 2965 ||| UPGRADING to +0 chain mail.
  2975 | D:3      | 2975 ||| DROPPING +0 leather armour.
  2976 | D:3      | 2976 ||| UPGRADING to +4 ring of protection.
  2977 | D:3      | 2977 ||| READING 2 scrolls labelled TECVAO CINOPS.
  3028 | D:4      | Noticed Sigmund
  3029 | D:4      | 3029 ||| Stepping ~*~*~tactically~*~*~ (hiding).
  3031 | D:4      | 3031 ||| Stepping ~*~*~tactically~*~*~ (hiding).
  3032 | D:4      | 3032 ||| Stepping ~*~*~tactically~*~*~ (hiding).
  3067 | D:4      | Killed Sigmund
  3068 | D:4      | Reached skill level 3 in Armour
  3068 | D:4      | Reached XP level 6. HP: 19/37 MP: 7/7
  3171 | D:4      | Found an iron altar of Okawaru.
  3171 | D:4      | Noticed Edmund
  3190 | D:4      | 3190 ||| INVOKING Fiery Armour.
  3193 | D:4      | Killed Edmund
  3194 | D:4      | Reached skill level 5 in Axes
  3350 | D:4      | Found a white marble altar of Elyvilon.
  3450 | D:4      | Noticed Ijyb
  3452 | D:4      | 3452 ||| Stepping ~*~*~tactically~*~*~ (hiding).
  3482 | D:4      | Paralysed by Ijyb for 2 turns
  3487 | D:4      | Killed Ijyb
  3488 | D:4      | Reached XP level 7. HP: 42/42 MP: 8/8
  3830 | D:4      | Found an ornate altar of the Wu Jian Council.
  3992 | D:4      | 3992 ||| READING 3 scrolls labelled ZEOMAJ ISALUF.
  3993 | D:4      | 3993 ||| READING scroll labelled SENUSU OKOWA.
  3994 | D:4      | 3994 ||| READING scroll labelled ULIBEKLUCASH.
  3995 | D:4      | 3995 ||| READING scroll labelled ALOSHELUIV.
  3996 | D:4      | 3996 ||| DRINKING 2 viscous white potions.
  3997 | D:4      | 3997 ||| READING 2 scrolls of identify.
  3997 | D:4      | 3997 ||| IDENTIFYING black potion
  3998 | D:4      | 3998 ||| DROPPING 2 scrolls of amnesia.
  3999 | D:4      | 3999 ||| DROPPING potion of magic.
  4025 | D:5      | Entered Level 5 of the Dungeon
  4036 | D:5      | Reached skill level 6 in Axes
  4271 | D:5      | Reached skill level 3 in Shields
  4413 | D:5      | 4413 ||| Stepping ~*~*~tactically~*~*~ (hiding).
  4431 | D:5      | Reached XP level 8. HP: 44/48 MP: 9/9
  4498 | D:5      | Found an ancient bone altar of Kikubaaqudgha.
  4969 | D:5      | 4969 ||| UPGRADING to amulet of the acrobat.
  4974 | D:5      | 4974 ||| UPGRADING to ring of resist corrosion.
  4976 | D:5      | 4976 ||| READING scroll labelled DUOSUO QISYNEA.
  4977 | D:5      | 4977 ||| READING scroll labelled WADILE TOFU.
  4978 | D:5      | 4978 ||| DRINKING 2 clear potions.
  4979 | D:5      | 4979 ||| READING 2 scrolls of identify.
  4979 | D:5      | 4979 ||| IDENTIFYING glowing ruby potion
  4980 | D:5      | 4980 ||| DROPPING potion of attraction.
  5006 | D:6      | Noticed Blork the orc
  5020 | D:6      | Killed Blork the orc
  5021 | D:6      | Reached skill level 7 in Axes
  5043 | D:6      | 5043 ||| SWAPPING to +0 heavy war axe.
  5063 | D:6      | Noticed a wyvern
  5064 | D:6      | 5064 ||| Stepping ~*~*~tactically~*~*~ (stealth).
  5066 | D:6      | Noticed Prince Ribbit
  5067 | D:6      | 5067 ||| Stepping ~*~*~tactically~*~*~ (stealth).
  5073 | D:6      | HP: 10/48 [wyvern (13)]
  5074 | D:6      | 5074 ||| DRINKING potion of heal wounds.
  5077 | D:6      | 5077 ||| INVOKING Fiery Armour.
  5078 | D:6      | HP: 10/48 [wyvern (11)]
  5079 | D:6      | HP: 4/48 [Prince Ribbit (6)]
  5079 | D:6      | Slain by a wyvern

Levels and vault maps discovered:
D:1:      psy_arrival_spokes, layout_basic, shapermc_ecumenical_altar_rom_forum
D:2:      layout_basic, basic_altar, minmay_misc_feat_pillars
D:3:      layout_loops_ring, grunt_temple_overflow_open,
          kennysheep_small_spiral, nicolae_eternal_life, uniq_jessica
D:4:      layout_basic, elyvilon_altar_5, mainiacjoe_overflow_surrounded_room,
          okawaru_ov_weapons_minmay, solitary_fountain, uniq_ijyb, uniq_sigmund,
          uniq_edmund
D:5:      layout_basic, nicolae_kikubaaqudgha_miasma_corner
D:6:      nicolae_cairo_tiling, layout_basic, serial_shops, shop,
          nicolae_concentric_dashed_squares_wild, uniq_blork_the_orc,
          uniq_pikel, uniq_prince_ribbit1

Skill      XL: |  1  2  3  4  5  6  7  8 |
---------------+-------------------------+-----
Axes           | 3 4 5 6 7 |  7.1
Shields        | 1 2 3 |  3.2
Armour         | 3 |  3.9
Fighting       | 4 |  4.1
Spellcasting   | |  1.0
Fire Magic     | |  3.0

Action                     |  1- 3 |  4- 6 |  7- 9 || total
---------------------------+-------+-------+-------++-------
  Melee: Hand axe          |   114 |   164 |   139 ||   417
         War axe           |       |       |     8 ||     8
  Throw: Boomerang         |       |     8 |    13 ||    21
 Invoke: Fiery Armour      |       |     2 |     1 ||     3
    Use: Scroll            |     4 |     2 |     8 ||    14
         Potion            |     1 |       |     3 ||     4
 Armour: Robe              |    22 |       |       ||    22
         Leather armour    |    13 |    23 |       ||    36
         Chain mail        |       |    40 |   109 ||   149
  Dodge: Dodged            |    54 |    28 |    56 ||   138
  Block: Buckler           |     4 |    21 |    21 ||    46

Table legend:
 A = Non-vault XP
 B = Vault XP
 C = Vault XP percentage of total XP
 D = Non-vault monster count
 E = Vault monster count
 F = Vault count percentage of total count
                 A         B        C        D         E       F
            +---------+---------+-------+---------+---------+-------
      Total |     805 |     546 |  40.4 |      75 |       5 |   6.2
            +---------+---------+-------+---------+---------+-------
        D:1 |      40 |       0 |   0.0 |      24 |       0 |   0.0
        D:2 |      18 |       0 |   0.0 |       8 |       0 |   0.0
        D:3 |     104 |      37 |  26.2 |      20 |       1 |   4.8
        D:4 |     199 |     419 |  67.8 |       8 |       3 |  27.3
        D:5 |     444 |       0 |   0.0 |      15 |       0 |   0.0
        D:6 |       0 |      90 | 100.0 |       0 |       1 | 100.0
            +---------+---------+-------+---------+---------+-------
